 Dungeon Crawl Stone Soup version 0.27.0-65-ge2af304b15 (console) character file.

Game seed: 947629222267922360

927 Banquo the Magician (level 8, -2/58 HPs)
             Began as a Djinni Warper on Aug 18, 2021.
             Was an Initiate of Ashenzari.
             Killed from afar by a white imp (10 damage)
             ... with a puff of frost
             ... on level 7 of the Dungeon.
             The game lasted 00:28:32 (9136 turns).

Banquo the Magician (Djinni Warper)                 Turns: 9136, Time: 00:28:32

Health: -2/58      AC:  3    Str: 10    XL:     8   Next: 32%
Gold:   317        EV: 12    Int: 24    God:    Ashenzari [......] SH:  0 Dex: 18

rFire    + + .     SeeInvis .   a - +0 falchion
rCold    x . .     Faith    .   (no shield)
rNeg     . . .     Spirit   .   p - +0 leather armour
rPois    ∞         Reflect  .   (no helmet)
rElec    .         Harm     .   (no cloak)
rCorr    .         Rampage  .   (no gloves)
Will     .....                  (boots unavailable)
Stlth    +.........             (no amulet)
HPRegen  0.19/turn              h - +6 ring of dexterity
MPRegen  0.00/turn              u - +6 ring of intelligence

@: flying
A: sickness immunity, fire resistance 2, cold vulnerability 1, float, innate
caster, hp casting, extra vitality 1
a: Renounce Religion


You were on level 7 of the Dungeon.
You worshipped Ashenzari.
Ashenzari was noncommittal.
You visited 2 branches of the dungeon, and saw 8 of its levels.

You collected 317 gold pieces.

Inventory:

Hand Weapons
 a - a +0 falchion (weapon)
 b - a +2 vampiric short sword
 c - a +0 trident
 n - a +1 whip of holy wrath
Missiles
 d - 5 boomerangs of dispersal (quivered)
 e - 95 stones
 s - 2 silver javelins
 t - 5 boomerangs
Armour
 p - a +0 leather armour (worn)
Jewellery
 h - a +6 ring of dexterity (left hand)
 u - a +6 ring of intelligence (right hand)
Wands
 z - a wand of iceblast (10)
Scrolls
 f - a scroll of silence
 g - 2 scrolls of blinking
 o - 2 scrolls of fear
 q - 6 scrolls of teleportation
 v - 2 scrolls of fog
 y - 2 scrolls of summoning
Potions
 j - a potion of might
 l - a potion of mutation
 m - a potion of heal wounds
 r - a potion of haste
 x - a potion of resistance
 G - 3 potions of curing


   Skills:
 * Level 4.1 Fighting
 * Level 4.4 Long Blades
 - Level 0.7 Throwing
 + Level 2.3 Armour
 + Level 3.0 Dodging
 + Level 5.2 Spellcasting


You couldn't memorise any spells.
You knew the following spells:

 Your Spells              Type           Power      Damage    Failure   Level
a - Freeze                Ice            100%       1d11      1%          1
b - Lesser Beckoning      Tloc           15%        N/A       4%          3
c - Gell's Gravitas       Tloc           15%        N/A       4%          3
e - Manifold Assault      Tloc           31%        N/A       36%         5
g - Summon Guardian Gole  Hex/Summ       31%        N/A       4%          3
i - Call Imp              Summ           31%        N/A       1%          2
t - Teleport Other        Tloc           31%        N/A       4%          3
B - Blink                 Tloc           N/A        N/A       1%          2
Your spell library was empty.

Dungeon Overview and Level Annotations

Branches:
Dungeon (7/15)             Temple (1/1) D:7

Altars:
Ashenzari
Cheibriados
Dithmenos
Elyvilon
Fedhas
Gozag
Kikubaaqudgha
Makhleb
Okawaru
Qazlal
Sif Muna
Trog
Uskayaw
Vehumet
Wu Jian
Yredelemnul
Zin
The Shining One

Shops:
D:3 [

Annotations:
D:3 Grinder
D:7 Pikel


Innate Abilities, Weirdness & Mutations

You are immune to sickness and miasma.
You are immune to poison.
Your flesh is very heat resistant. (rF++)
You are vulnerable to cold. (rC-)
You float through the air rather than walking.
You learn spells naturally, not from books.
Your magical power is your life essence.
You have superior vitality. (+4 HP)


Message History

The lemure closely misses you.
Casting: Freeze (safe; 1% risk of failure)
Confirm with . or Enter, or press ? or * to list all spells.
Aiming: Freeze (safe; 1% risk of failure)
Press: ? - help, Shift-Dir - straight line, f/p - lemure
Aim: a lemure (heavily wounded)
You freeze the lemure!
The lemure is almost dead.
The lemure hits you.
Pikel zaps a wand.
The puff of flame hits you. You resist.
Unknown command.
Casting: Freeze (safe; 1% risk of failure)
Confirm with . or Enter, or press ? or * to list all spells.
Aiming: Freeze (safe; 1% risk of failure)
Press: ? - help, Shift-Dir - straight line, f/p - lemure
Aim: a lemure (almost dead)
You freeze the lemure.
The lemure is almost dead.
The lemure closely misses you.
You riposte.
Your leather armour prevents you from hitting the lemure.
The lemure is almost dead.
Casting: Freeze (safe; 1% risk of failure)
Confirm with . or Enter, or press ? or * to list all spells.
Aiming: Freeze (safe; 1% risk of failure)
Press: ? - help, Shift-Dir - straight line, f/p - lemure
Aim: a lemure (almost dead)
You freeze the lemure.
You kill the lemure!
That felt strangely unrewarding.
The white imp disappears for a moment.
Pikel zaps a wand.
The puff of flame hits you. You resist. The white imp gestures at you.
The puff of frost hits you!
You feel a terrible chill!
* * * LOW HITPOINT WARNING * * *
The white imp gestures at you. The puff of frost hits you.
You feel a terrible chill!
* * * LOW HITPOINT WARNING * * *
There is a stone staircase leading up here.
The white imp gestures at you. The puff of frost hits you!
You feel a terrible chill!
You die...

### ##..# ### ##....#
..####
#......##########.....##
#..@................
###.......≈≈≈≈≈.....
#.....≈≈≈≈≈≈≈≈≈.".
#...≈≈≈≈§§≈≈≈≈≈≈≈.
#..≈≈≈≈≈§o5.≈≈≈≈≈≈
#..≈≈≈≈5≈K>.≈≈≈≈≈≈
#..≈≈≈≈≈≈5..≈≈≈≈≈≈
#..≈≈≈≈≈≈≈≈≈≈≈≈≈≈≈
#...≈≈≈≈≈≈≈≈≈≈≈≈≈.


You could see a white imp.

Vanquished Creatures
  2 lemures (D:7)
  A scorpion (D:4)
  A howler monkey (D:4)
  A hound (D:5)
  An orc priest (D:4)
  2 iguanas (D:4)
  A hound skeleton (D:4)
  A howler monkey skeleton (D:4)
  11 adders
  An ufetubus (D:4)
  An adder skeleton (D:4)
  A worm (D:4)
  9 orcs
  9 ball pythons
  6 bats
  3 endoplasms
  9 giant cockroaches
  5 goblins
  4 hobgoblins
  6 jackals
  9 kobolds
  A quokka (D:2)
  3 frilled lizards
  A jackal skeleton (D:4)
  9 rats
98 creatures vanquished.

Vanquished Creatures (collateral kills)
  A water moccasin (D:4)
  2 ogres (D:4)
  A scorpion (D:4)
  A howler monkey (D:6)
  3 bullfrog zombies
  A centaur zombie (D:5)
  2 hounds
  3 jellies
  An iguana (D:4)
  A hound zombie (D:5)
  A howler monkey skeleton (D:5)
  2 gnolls (D:4)
  An adder (D:5)
  An ufetubus (D:5)
  A worm (D:3)
  2 endoplasms
  2 jackals (D:5)
26 creatures vanquished.

Vanquished Creatures (others)
  An ice beast (D:6)
  2 gnolls (D:4)
3 creatures vanquished.

Grand Total: 127 creatures vanquished

Notes
Turn   | Place    | Note
-------+----------+-------------------------------------------
     0 | D:1      | Banquo the Djinni Warper began the quest for the Orb.
     0 | D:1      | Reached XP level 1. HP: 18/18 MP: 0/0
   309 | D:1      | Reached XP level 2. HP: 20/23 MP: 0/0
   464 | D:1      | Found a faded altar of an unknown god.
   604 | D:1      | Reached XP level 3. HP: 13/28 MP: 0/0
   604 | D:1      | Learned a level 1 spell: Freeze
  2054 | D:2      | Reached XP level 4. HP: 33/34 MP: 0/0
  3103 | D:3      | Reached XP level 5. HP: 34/39 MP: 0/0
  3103 | D:3      | Learned a level 2 spell: Call Imp
  3262 | D:3      | Reached skill level 3 in Spellcasting
  3759 | D:3      | Found Zudotz's Antique Armour Boutique.
  3824 | D:3      | Noticed Grinder
  4378 | D:4      | Noticed an ogre
  4447 | D:4      | Killed an ogre
  4919 | D:4      | Reached XP level 6. HP: 41/46 MP: 0/0
  4921 | D:4      | Noticed an ogre
  4942 | D:4      | Killed an ogre
  5451 | D:4      | Noticed a water moccasin
  5457 | D:4      | Killed a water moccasin
  5458 | D:4      | Reached skill level 4 in Spellcasting
  5687 | D:4      | Reached XP level 7. HP: 47/50 MP: 0/0
  5687 | D:4      | Learned a level 3 spell: Summon Guardian Golem
  6993 | D:5      | Entered Level 5 of the Dungeon
  7647 | D:5      | Reached XP level 8. HP: 15/58 MP: 0/0
  8313 | D:6      | Reached skill level 5 in Spellcasting
  8592 | D:6      | Found a basalt altar of Yredelemnul.
  9013 | D:7      | Found a staircase to the Ecumenical Temple.
  9021 | D:7      | Noticed Pikel
  9022 | Temple   | Entered the Ecumenical Temple
  9089 | Temple   | Became a worshipper of Ashenzari the Shackled
  9136 | D:7      | Killed from afar by a white imp

Illustrated notes

Levels and vault maps discovered:
D:1:      scummos_arrival_simple_crosswalls, layout_basic,
          dilly_ecumenical_altar_fadedgnrine, minmay_tripent
D:2:      layout_basic
D:3:      layout_basic, serial_shops, shop_fountains, uniq_grinder
D:4:      layout_basic
D:5:      layout_rooms
D:6:      layout_rooms, mainiacjoe_overflow_cross_hatched,
          nicolae_kikubaaqudgha_miasma_corner
D:7:      layout_layer_cave, temple_pool_b, minmay_misc_feat_rows, uniq_pikel,
          uniq_harold
Temple:   nicolae_temple_x_marks_the_god

Skill      XL: |  1  2  3  4  5  6  7  8 |
---------------+-------------------------+-----
Long Blades    | 2 3 4 |  4.4
Spellcasting   | 3 4 5 |  5.2
Fighting       | 3 4 |  4.1
Armour         | 2 |  2.3
Dodging        | 3 |  3.0
Throwing       | |  0.7

Action                   |  1- 3 |  4- 6 |  7- 9 || total
-------------------------+-------+-------+-------++-------
Melee: Falchion          |    85 |    21 |    33 ||   139
 Cast: Freeze            |    11 |    77 |    57 ||   145
       Call Imp          |       |    31 |    55 ||    86
       Summon Guardian G |       |       |    15 ||    15
 Stab: Sleeping          |     2 |       |       ||     2
       Distracted        |       |       |     1 ||     1
Armor: Leather armour    |    27 |    21 |    20 ||    68
Dodge: Dodged            |    62 |    39 |    58 ||   159
       Rpst.: Falchion   |    20 |    12 |    19 ||    51
